 Dungeon Crawl Stone Soup version 0.22-a0-322-g60b3cfd (webtiles) character file.

1185 galech the Ruffian (level 8, 0/78 HPs)
             Began as a Troll Monk on Apr 5, 2018.
             Was a Believer of Okawaru.
             Slain by Prince Ribbit (6 damage)
             ... on level 8 of the Dungeon.
             The game lasted 00:06:46 (4073 turns).

galech the Ruffian (Troll Monk)                     Turns: 4073, Time: 00:06:47

Health: 0/78       AC:  7    Str: 22    XL:     8   Next: 19%
Magic:  5/7        EV: 16    Int:  6    God:    Okawaru [**....]
Gold:   261        SH:  0    Dex: 17    Spells: 7/7 levels left

rFire    . . .     SeeInvis .     - Unarmed
rCold    . . .     Gourm    +   (no shield)
rNeg     . . .     Faith    +   a - +0 robe
rPois    .         Spirit   .   i - +2 hat
rElec    .         Reflect  .   (no cloak)
rCorr    .         Harm     .   (gloves unavailable)
MR       +....                  (boots unavailable)
Stlth    ++++......             s - amulet of faith
HPRegen  0.63/turn              x - +5 ring of dexterity
MPRegen  0.10/turn              o - ring of protection from magic

@: heroism
A: large, unfitting armour, claws 3, fast metabolism 3, gourmand, regeneration
1, shaggy fur 1, tough skin 2
a: Heroism, Renounce Religion


You were on level 8 of the Dungeon.
You worshipped Okawaru.
Okawaru was pleased with you.
You were very full.

You visited 2 branches of the dungeon, and saw 7 of its levels.
You also visited: Sewer.

You collected 261 gold pieces.

Inventory:

Armour
 a - a +0 robe (worn)
 i - a +2 hat (worn)
Jewellery
 e - an uncursed ring of fire
 o - a ring of protection from magic (right claw)
 p - an uncursed ring of see invisible
 r - an uncursed amulet of rage
 s - an amulet of faith (around neck)
 u - an uncursed ring of wizardry
 x - a +5 ring of dexterity (left claw)
Wands
 w - a wand of flame (25)
 y - a wand of acid (13)
Scrolls
 c - 4 scrolls of identify
 h - a scroll of amnesia
 j - a scroll of remove curse
 k - a scroll of fog
 q - a scroll of blinking
 v - 2 scrolls of fear
 B - a scroll of vulnerability {unknown}
Potions
 d - a potion of curing {unknown}
 f - 2 potions of heal wounds {unknown}
 g - 2 potions of magic {unknown}
 l - a potion of flight {unknown}
 m - a potion of resistance {unknown}
 n - a potion of cancellation {unknown}
 t - a potion of degeneration {unknown}
 z - a potion of lignification {unknown}
 A - a potion of agility {unknown}
Comestibles
 b - 9 rations


   Skills:
 + Level 3.8(8.8) Fighting
 + Level 4.4(9.4) Dodging
 - Level 2.3(7.3) Stealth
 + Level 7.7(12.7) Unarmed Combat


You had 7 spell levels left.
You didn't know any spells.

Dungeon Overview and Level Annotations

Branches:
Dungeon (5/15)             Temple (1/1) D:5

Altars:
Cheibriados
Elyvilon
Fedhas
Gozag
Kikubaaqudgha
Makhleb
Nemelex Xobeh
Okawaru
Qazlal
Trog
Uskayaw
Vehumet
Wu Jian
Xom
Yredelemnul
The Shining One

Annotations:
D:8 Prince Ribbit


Innate Abilities, Weirdness & Mutations

You are too large for most types of armour.
You have claws for hands.
Your metabolism is lightning-fast.
You like to eat raw meat.
Your natural rate of healing is unusually fast.
You are covered in fur. (AC +1)
You have very tough skin. (AC +2)


Message History

* * * LOW HITPOINT WARNING * * *
You claw Prince Ribbit!
Prince Ribbit is severely wounded.
Prince Ribbit blinks!
Prince Ribbit lets out a mournful croak.
Prince Ribbit casts a spell.
Prince Ribbit looks slightly unstable.
You miss Prince Ribbit.
Prince Ribbit is severely wounded.
Prince Ribbit blinks!
Prince Ribbit disappears!
Prince Ribbit reappears nearby!
Prince Ribbit blinks!
Prince Ribbit mumbles some strange words.
Prince Ribbit looks slightly unstable.
You closely miss Prince Ribbit.
Prince Ribbit is severely wounded.
Prince Ribbit hits you.
* * * LOW HITPOINT WARNING * * *
You gain the combat prowess of a mighty hero.
Prince Ribbit hits you.
You die...

### ....######
.........#
.≈≈≈≈≈≈≈.########
.≈##.##≈).......#
#. #≈....(...# #
#≈....F...#
#≈...@....#
#≈........#
≈≈≈≈≈........#
................
....#.......!.###
..%.#.#.......#
... #.#.......#
#.###+##... .#.#


You could see Prince Ribbit.

Vanquished Creatures
  2 ogres
  8 big kobolds
  A wyvern zombie (D:8)
  A howler monkey (D:4)
  2 orc wizards
  2 orc priests
  An iguana (D:4)
  Natasha (D:4)
  Robin (D:2)
  5 adders
  A river rat (Sewer)
  8 oozes
  4 worms (Sewer)
  3 dart slugs
  4 leopard geckos
  7 orcs
  4 ball pythons
  2 giant cockroaches
  12 goblins
  10 hobgoblins
  3 jackals (D:2)
  A quokka (D:3)
  8 bats
  5 frilled lizards
  12 kobolds
  15 rats
123 creatures vanquished.

Notes
Turn   | Place    | Note
-------+----------+-------------------------------------------
     0 | D:1      | galech the Troll Monk began the quest for the Orb.
     0 | D:1      | Reached XP level 1. HP: 22/22 MP: 0/0
   137 | D:1      | Reached XP level 2. HP: 29/29 MP: 1/1
   856 | D:2      | Reached XP level 3. HP: 36/36 MP: 2/2
  1113 | D:2      | Noticed Robin
  1131 | D:2      | Killed Robin
  1255 | D:2      | Reached XP level 4. HP: 45/45 MP: 3/3
  1348 | D:2      | Reached skill level 4 in Unarmed Combat
  1704 | D:3      | Reached XP level 5. HP: 46/53 MP: 4/4
  1895 | D:3      | Noticed an ogre
  1905 | D:3      | Killed an ogre
  1905 | D:3      | Reached skill level 5 in Unarmed Combat
  2104 | D:3      | Reached XP level 6. HP: 61/61 MP: 5/5
  2138 | D:3      | Found a glowing drain.
  2145 | Sewer    | Entered a sewer
  2390 | Sewer    | Reached skill level 6 in Unarmed Combat
  2503 | Sewer    | Reached XP level 7. HP: 67/67 MP: 6/6
  2667 | Sewer    | Reached skill level 7 in Unarmed Combat
  3107 | D:4      | Noticed Natasha
  3113 | D:4      | Killed Natasha
  3150 | D:4      | Found a stormy altar of Qazlal.
  3434 | D:4      | Reached XP level 8. HP: 64/75 MP: 7/7
  3679 | D:5      | Entered Level 5 of the Dungeon
  3679 | D:5      | Found a staircase to the Ecumenical Temple.
  3698 | Temple   | Entered the Ecumenical Temple
  3900 | Temple   | Became a worshipper of Warmaster Okawaru
  3900 | Temple   | Reached * piety under Okawaru
  3900 | Temple   | Reached ** piety under Okawaru
  4053 | D:5      | You fall through a shaft for 3 floors!
  4053 | D:8      | Noticed Prince Ribbit
  4073 | D:8      | Slain by Prince Ribbit

Vault maps used:
D:1:      saegor_arrival_under_anarchy
D:2:      uniq_robin
D:3:      lightli_sewer_entry_pipes, first_ration
D:4:      lemuel_coloured_pillars_altar, uniq_natasha
D:5:      kennysheep_mini, minmay_temple_entry_overgrown
D:8:      marbit_many_paths, enter_bailey_3, uniq_pikel, uniq_prince_ribbit1
Temple:   regret_index_temple_generic_petals
Sewer:    sewer_co_tree

Skill      XL: |  1  2  3  4  5  6  7 |
---------------+----------------------+-----
Fighting       | 3 |  3.8
Unarmed Combat | 4 5 6 7 |  7.7
Dodging        | 3 4 |  4.4
Stealth        | 2 |  2.3

Action                   |  1- 3 |  4- 6 |  7- 9 || total
-------------------------+-------+-------+-------++-------
Melee: Unarmed           |   115 |   114 |    81 ||   310
       Punch             |     2 |     1 |     2 ||     5
Invok: Heroism           |       |       |     1 ||     1
  Use: Scroll            |       |       |     6 ||     6
 Stab: Sleeping          |     2 |     8 |     4 ||    14
  Eat: Chunk             |    17 |    12 |    14 ||    43
Armor: Robe              |    35 |    34 |    16 ||    85
Dodge: Dodged            |    54 |    51 |    22 ||   127

Table legend:
 A = Spawn XP
 B = Non-spawn XP
 C = Spawn XP percentage of total XP
 D = Spawn monster count
 E = Non-spawn monster count
 F = Spawn count percentage of total count
 G = Total turns spent on level
                    A         B        C        D         E        F      G
               +---------+---------+-------+---------+---------+-------+---------
         Total |       0 |    1694 |   0.0 |       0 |     123 |   0.0 |  4073
               +---------+---------+-------+---------+---------+-------+---------
           D:1 |       0 |      37 |   0.0 |       0 |      24 |   0.0 |   848
           D:2 |       0 |      82 |   0.0 |       0 |      29 |   0.0 |   720
           D:3 |       0 |     288 |   0.0 |       0 |      27 |   0.0 |   965
           D:4 |       0 |     314 |   0.0 |       0 |      10 |   0.0 |   591
           D:5 |       0 |     122 |   0.0 |       0 |       3 |   0.0 |   132
           D:8 |       0 |      82 |   0.0 |       0 |       2 |   0.0 |    20
         Sewer |       0 |     769 |   0.0 |       0 |      28 |   0.0 |   555
               +---------+---------+-------+---------+---------+-------+---------
